 Dungeon Crawl Stone Soup version 0.18-a0-750-g37044d6 (webtiles) character file.

91 countzero the Skirmisher (level 4, 0/40 HPs)
             Began as a Ghoul Berserker on Dec 12, 2015.
             Was a Believer of Trog.
             Slain by a gnoll
             ... wielding a +0 spear
              (7 damage)
             ... on level 2 of the Dungeon.
             The game lasted 00:05:12 (1443 turns).

countzero the Skirmisher (Ghoul Berserker)          Turns: 1443, Time: 00:05:12

Health: 0/40       AC:  6    Str: 20    XL:     4   Next: 57%
Magic:  3/3        EV: 11    Int:  3    God:    Trog [**....]
Gold:   64         SH:  0    Dex:  8    Spells: 0 memorised, 3 levels left

rFire  . . .     SeeInvis .     a - +0 hand axe
rCold  + . .     Clarity  .     h - +0 ring mail
rNeg   + + +     SustAt   .     (no shield)
rPois  ∞         Gourm    .     k - +0 helmet
rElec  .         Spirit   .     (no cloak)
rCorr  .         Dismiss  .     (no gloves)
rMut   .         Stasis   .     (no boots)
MR     ++...                    (no amulet)
Stlth  ..........               (no ring)
                                (no ring)

@: regenerating, rotting, very resistant to hostile enchantments, extremely
unstealthy
A: rotting body, claws 1, carnivore 3, cold resistance 1, negative energy
resistance 3, slow regeneration 1, torment resistance, unbreathing
a: Trog's Hand, Burn Spellbooks, Renounce Religion


You were on level 2 of the Dungeon.
You worshipped Trog.
Trog was pleased with you.
You were not hungry.

You visited 1 branch of the dungeon, and saw 2 of its levels.

You collected 64 gold pieces.

Inventory:

Hand Weapons
 a - a +0 hand axe (weapon)
Armour
 h - a +0 ring mail (worn)
 k - a +0 helmet (worn)
Jewellery
 p - a cursed -3 ring of strength {unknown}
Wands
 l - a wand of slowing (26)
Scrolls
 f - a scroll of amnesia {unknown}
 g - 2 scrolls of teleportation {unknown}
 i - a scroll of immolation {unknown}
 j - a scroll of fear {unknown}
 m - 2 scrolls of identify {unknown}
Potions
 d - a potion of might {unknown}
 e - a potion of ambrosia {unknown}
 n - a potion of heal wounds {unknown}
Comestibles
 b - 4 chunks of flesh
 c - a meat ration
 o - a royal jelly


   Skills:
 + Level 3.9 Fighting
 * Level 3.5 Axes
 + Level 2.1 Armour
 + Level 2.6 Dodging


You had 3 spell levels left.
You didn't know any spells.

Dungeon Overview and Level Annotations

Branches:
Dungeon (2/15)

Altars:
Cheibriados
Ru
Vehumet


Innate Abilities, Weirdness & Mutations

Your body is rotting away.
You thrive on raw meat.
You are immune to poison.
You have sharp fingernails.
You are carnivorous and can eat meat at any time.
Your flesh is cold resistant.
You are immune to negative energy.
You regenerate slowly when monsters are visible.
You are immune to unholy pain and torment.
You can survive without breathing.


Message History

The gnoll hits you from afar with a spear.
* * * LOW HITPOINT WARNING * * *
The gnoll closely misses you.
You barely miss the gnoll.
The gnoll is almost dead.
You barely miss the gnoll.
The gnoll is severely wounded.
The gnoll hits you with a spear.
* * * LOW HITPOINT WARNING * * *
The gnoll closely misses you. x2
You hit the gnoll.
You kill the gnoll!
Trog accepts your kill.
You hit the gnoll but do no damage.
The gnoll is severely wounded.
The gnoll hits you with a spear.
* * * LOW HITPOINT WARNING * * *
The gnoll misses you.
The gnoll hits you from afar with a spear!
You die...

# #.# #.=...... ## #.#
#........ .. ..#
#........ ######
#........ # #........ #
+g....... # ## #.g......
# #...#########........
#####...........@........
.......####.####.########
#####..##.....##.# #
#.#.......#.##### #
#.#.......#...... #
#....._.......... #
#.#.......#..... #
#.#.......#..... #
##.##.....## ....


You could see 2 gnolls.

Vanquished Creatures
  2 gnolls (D:2)
  2 adders (D:2)
  2 oozes
  2 worms (D:2)
  A ball python (D:2)
  6 giant cockroaches
  5 goblins
  5 hobgoblins
  4 bats
  3 giant newts
  7 kobolds
  5 rats
44 creatures vanquished.

Notes
Turn   | Place    | Note
--------------------------------------------------------------
     0 | D:1      | countzero the Ghoul Berserker began the quest for the Orb.
     0 | D:1      | Reached XP level 1. HP: 19/19 MP: 0/0
   236 | D:1      | Reached XP level 2. HP: 15/25 MP: 1/1
   748 | D:2      | Found a sacrificial altar of Ru.
   868 | D:2      | Reached XP level 3. HP: 31/31 MP: 2/2
   868 | D:2      | Reached ** piety under Trog
  1159 | D:2      | Found a snail-covered altar of Cheibriados.
  1183 | D:2      | Reached XP level 4. HP: 23/40 MP: 3/3
  1402 | D:2      | Found a radiant altar of Vehumet.
  1443 | D:2      | Slain by a gnoll

Vault maps used:
D:1:      roderic_octagonal_star, st_stairs_4
D:2:      nicolae_overflow_crystal_walls, cheibriados_altar_wand_db,
          old_standard_altar, eino_tiny_chamber

Action                   |  1- 3 |  4- 6 || total
-------------------------+-------+-------++-------
Melee: Hand axe          |   116 |    53 ||   169
Invok: Trog's Hand       |       |     1 ||     1
 Stab: Sleeping          |     1 |       ||     1
  Eat: Chunk             |    13 |    10 ||    23
